 Dungeon Crawl Stone Soup version 0.30.1-3-gfc49f6343a (webtiles) character file.

Game seed: 8810839913452002889

60559 safid the Frost Mage (level 15, -12/123 HPs)
             Began as a Merfolk Ice Elementalist on July 17, 2023.
             Was a High Priest of Vehumet.
             Mangled by a frost giant
             ... wielding a +1 battleaxe of freezing
              (15 damage)
             ... on level 12 of the Dungeon on July 19, 2023.
             The game lasted 01:14:05 (24976 turns).

safid the Frost Mage (Merfolk Ice Elementalist)    Turns: 24976, Time: 01:14:06

Health: -12/123    AC: 11    Str:  9    XL:     15   Next: 0%
Magic:  19/29      EV: 18    Int: 29    God:    Vehumet [*****.]
Gold:   1989       SH:  0    Dex: 14    Spells: 8/34 levels left

rFire   + . .        w - +4 long sword (freeze)
rCold   . . .        (no shield)
rNeg    + + +        h - +2 robe {rF+}
rPois   .            k - +2 helmet
rElec   .            P - +0 cloak
rCorr   +            a - +0 pair of gloves
SInv    +            i - +1 pair of boots {Stlth+}
Will    ++...        F - amulet of Pyolor {Regen+ rCorr Int+2}
Stlth   ++++         G - ring "Plog" {rN+++ Will+ Int+5 Stlth+}
HPRegen 1.20/turn    A - ring of see invisible
MPRegen 0.21/turn

%: no passive effects
@: slowed, very slow
A: (nimble swimmer 2), mertail
a: Renounce Religion


You were on level 12 of the Dungeon.
You worshipped Vehumet.
Vehumet was extremely pleased with you.
You visited 4 branches of the dungeon, and saw 20 of its levels.
You also visited: Ossuary, Bailey, Ice Cave and Volcano.

You collected 2306 gold pieces.
You spent 317 gold pieces at shops.

Inventory:

Hand Weapons
 w - a +4 long sword of freezing (weapon)
Missiles
 c - a curare-tipped dart
 m - 2 throwing nets (quivered)
Armour
 a - a +0 pair of gloves (worn)
 h - a +2 robe of fire resistance (worn)
 i - a +1 pair of boots of stealth (worn)
 k - a +2 helmet (worn)
 O - a +1 robe of cold resistance
 P - a +0 cloak (worn)
Jewellery
 v - a +4 ring of slaying
 A - a ring of see invisible (right hand)
 F - the amulet of Pyolor (around neck) {Regen+ rCorr Int+2}
   (You found it on level 9 of the Dungeon)

   [amulet of regeneration]

   Int:       It affects your intelligence (+2).
   Regen:     It increases your rate of health regeneration.
   rCorr:     It protects you from acid and corrosion.
 G - the ring "Plog" (left hand) {rN+++ Will+ Int+5 Stlth+}
   (You found it on level 2 of the Lair of Beasts)

   [ring of willpower]

   Int:       It affects your intelligence (+5).
   rN:        It renders you almost immune to negative energy.
   Will:      It increases your willpower.
   Stlth:     It makes you more stealthy.
Wands
 p - a wand of paralysis (13)
 q - a wand of flame (23)
 r - a wand of quicksilver (24)
 B - a wand of polymorph (3)
 E - a wand of digging (2)
 M - a wand of iceblast (3)
Scrolls
 g - a scroll of identify
 l - 3 scrolls of teleportation
 t - 4 scrolls of amnesia
 x - 7 scrolls of enchant armour
 y - 3 scrolls of enchant weapon
 D - 2 scrolls of fear {unknown}
 I - 2 scrolls of summoning
 J - 2 scrolls of blinking
 L - a scroll of acquirement {unknown}
 N - 2 scrolls of fog {unknown}
Potions
 b - 2 potions of magic
 d - 5 potions of curing
 e - a potion of invisibility
 f - 5 potions of brilliance
 j - 4 potions of might
 n - 6 potions of mutation
 o - a potion of attraction {unknown}
 s - 2 potions of haste
 u - a potion of ambrosia {unknown}
 z - 3 potions of flight
 C - 2 potions of berserk rage {unknown}
 H - a potion of cancellation {unknown}
 K - 3 potions of lignification {unknown}


   Skills:
 + Level 13.0 Fighting
 + Level 12.8 Dodging
 - Level 2.1 Stealth
 - Level 10.0 Spellcasting
 - Level 4.0 Conjurations
 - Level 6.0 Translocations
 - Level 6.0 Transmutations
 - Level 4.0 Fire Magic
 + Level 14.7 Ice Magic
 - Level 8.0 Poison Magic


You had 8 spell levels left.
You knew the following spells:

 Your Spells              Type           Power      Damage    Failure   Level
a - Ozocubu's Refrigerat  Ice            39%        4d16      2%          7
b - Frozen Ramparts       Ice            100%       1d16      1%          3
c - Ozocubu's Armour      Ice            79%        N/A       1%          3
d - Hailstorm             Conj/Ice       62%        3d13      1%          3
e - Olgreb's Toxic Radia  Pois           57%        N/A       1%          4
f - Ignite Poison         Fire/Tmut/Pois 49%        N/A       1%          3
g - Blink                 Tloc           98%        N/A       1%          2
h - Freeze                Ice            100%       1d10      0%          1

Your spell library contained the following spells:

 Spells                   Type           Power      Damage    Failure   Level
 Plasma Beam              Fire/Air       13%        2x1d26    50%         6
 Kiss of Death            Conj/Necr      100%       2d13      1%          1
 Shock                    Conj/Air       100%       1d9       1%          1
 Sting                    Tmut/Pois      100%       1d8       1%          1
 Cigotuvi's Dreadful Rot  Necr/Pois/Air  58%        N/A       1%          2
 Lesser Beckoning         Tloc           98%        N/A       1%          2
 Momentum Strike          Conj/Tloc      86%        3d10      1%          2
 Poisonous Vapours        Pois/Air       74%        N/A       1%          2
 Dazzling Flash           Conj/Hex       52%        N/A       1%          3
 Inner Flame              Hex/Fire       26%        N/A       1%          3
 Volatile Blastmotes      Fire/Tloc      86%        2d17      1%          3
 Flame Wave               Conj/Fire      37%        2d10      1%          4
 Iskenderun's Mystic Bla  Conj/Tloc      43%        2d10      1%          4
 Sticky Flame             Conj/Fire      37%        2d6       1%          4
 Summon Ice Beast         Ice/Summ       55%        N/A       1%          4
 Slow                     Hex            56%        N/A       3%          1
 Fulminant Prism          Conj/Hex       13%        3d9       4%          4
 Fireball                 Conj/Fire      18%        3d9       5%          5
 Iskenderun's Battlesphe  Conj           37%        2d9       5%          5
 Yara's Violent Unravell  Hex/Tmut       15%        3d8       9%          5
 Confusing Touch          Hex            14%        N/A       11%         3
 Summon Guardian Golem    Hex/Summ       14%        N/A       11%         3
 Swiftness                Air            14%        N/A       11%         3
 Tukima's Dance           Hex            14%        N/A       11%         3
 Airstrike                Air            7%         2d(1-17)  11%         4
 Lee's Rapid Deconstruct  Erth           7%         3d6*      26%         5
 Dispel Undead            Necr           14%        3d10      36%         4
 Leda's Liquefaction      Hex/Erth       7%         N/A       36%         4
 Conjure Ball Lightning   Conj/Air       13%        3x3d6     50%         6
 Agony                    Necr           14%        N/A       71%         5
 Silence                  Hex/Air        7%         N/A       71%         5
 Orb of Destruction       Conj           18%        9d8       80%         7
 Statue Form              Tmut/Erth      20%        N/A       86%         6
 Spellforged Servitor     Conj/Summ      13%        N/A       96%         7
 Death Channel            Necr           7%         N/A       99%         6
 Enfeeble                 Hex            7%         N/A       100%        7
 Malign Gateway           Summ/Tloc      15%        N/A       100%        7
 Discord                  Hex            7%         N/A       100%        8
 Ignition                 Fire           18%        3d7       100%        8
 Summon Horrible Things   Summ           7%         N/A       100%        8


Dungeon Overview and Level Annotations

Branches:
Dungeon (12/15)            Temple (1/1) D:7            Lair (5/5) D:8
  Snake (0/4) Lair:3        Slime (0/5) Lair:5          Orc (2/2) D:9
    Elf (0/3) Orc:2       Ossuary (visited)          Bailey (visited)
  IceCv (visited)         Volcano (visited)
  Swamp: Lair:2-3    Shoals: Lair:2-3

Altars:
Ashenzari
Cheibriados
Dithmenos
Elyvilon
Fedhas
Gozag
Hepliaklqana
Kikubaaqudgha
Makhleb
Nemelex Xobeh
Okawaru
Qazlal
Ru
Sif Muna
Trog
Uskayaw
Vehumet
Wu Jian
Xom
Yredelemnul
Zin
The Shining One

Shops:
D:9 [   Orc:2 (?[*

Portals:
Trove: D:11 (give 5 scrolls of blinking)

Annotations:
Lair:2 exclusion: oklob plant
Lair:3 Sonja
Lair:4 exclusion: hydra
Lair:5 2 runed translucent doors, exclusion: catoblepas


Innate Abilities, Weirdness & Mutations

((You are very nimble when in or above water. (Stealth+, EV+, Speed+++)))
Your lower body shifts to a powerful aquatic tail in water.


Message History

The wolf spider looks as sick as possible!
The frost giant points at you and mumbles some strange words.
The bolt of cold misses you. The wolf spider hits you!
The wolf spider barely misses you.
The frost giant looks even sicker.
The wolf spider looks as sick as possible!
Your toxic aura wanes.
You kill the wolf spider!
Vehumet accepts your kill.
You feel your power returning.
Your Fighting skill increases to level 13!
You have reached level 15!
Your experience leads to an increase in your attributes!
Your base attributes are Str 8, Int 20, Dex 14.
Increase (S)trength, (I)ntelligence, or (D)exterity?
You feel clever. x2; You feel stronger.
Unknown command.
Casting: Olgreb's Toxic Radiance (safe; 1% risk of failure)
Confirm with . or Enter, or press ? or * to list all spells.
You ignite the poison in your surroundings!
The frost giant seems to burn from within!!!
The frost giant is severely wounded.
The frost giant casts a spell at you. The bolt of cold misses you.
Unknown command.
Unknown command.
Casting: Ignite Poison (safe; 1% risk of failure)
Confirm with . or Enter, or press ? or * to list all spells.
You begin to radiate toxic energy.
The frost giant is poisoned.
The frost giant gestures at you while chanting.
The bolt of cold hits you!!!
The frost giant looks even sicker.
Your toxic aura wanes.
The frost giant hits you with a +1 battleaxe of freezing!!
The frost giant freezes you!
* * * LOW HITPOINT WARNING * * *
The frost giant hits you with a +1 battleaxe of freezing!!
* * * LOW HITPOINT WARNING * * *
The frost giant freezes you!
You die...

######################
#.....................
#....##.....#####.....
#..()(#.....#,,,#.....
#....@##...##,,,##...#
#.#.†)C##.##,,,,,##.##
#.###..)###,,,*,,,###,
#,,,##.)..,,,***,,,,,,
*,,,,*#(...,**,**,,,,,
*,,,,,*..⌠..#,,,*,,⌠,,
*,,,,**.....#*,**,,,,,
*,,,**,......*+*,,,,,,
*,***,,,***,,,,,,,***,


You could see a frost giant (very poisoned).

Vanquished Creatures
  An orc warlord (Orc:1)
  Josephine (D:12)
  A centaur warrior (D:9)
  3 hydras
  A catoblepas (Lair:5)
  3 boulder beetles
  3 two-headed ogres
  A hell hog (Volcano)
  An orc high priest (Orc:1)
  2 skysharks
  A fire crab (Volcano)
  A wizard (D:9)
  A deep elf pyromancer (D:12)
  A lindwurm (Lair:5)
  A wolf spider (D:12)
  5 cyclopes
  6 orc sorcerers
  2 manticores (D:12)
  2 ugly things (D:9)
  6 black mambas
  15 elephants
  2 gargoyles
  2 molten gargoyles (Lair:5)
  An efreet (D:12)
  8 komodo dragons
  Maggie (D:7)
  11 cane toads
  2 rime drakes
  An unseen horror (D:12)
  6 trolls
  2 burning bushes (Lair:4)
  A tyrant leech (shapeshifter) (D:12)
  5 blink frogs (Lair:3)
  5 slime creatures (D:12)
  2 vampires
  2 shadows
  34 yaks
  8 wraiths
  3 wyverns
  7 fire bats (Volcano)
  7 basilisks
  9 steam dragons
  A death yak simulacrum (D:12)
  A naga (Lair:3)
  8 wargs
  18 water moccasins
  5 hell hounds
  17 orc warriors
  An ice beast (D:5)
  2 black bears
  6 ogres
  19 wolves
  4 centaurs
  2 phantoms (D:5)
  11 bullfrogs
  5 kobold brigands
  2 scorpions
  3 two-headed ogre simulacra (D:12)
  2 water moccasin zombies (Ossuary)
  5 wights
  A lindwurm simulacrum (IceCv)
  12 killer bees
  7 howler monkeys
  7 vampire bats (Bailey)
  7 wolf zombies (Bailey)
  An electric eel (Lair:1)
  14 lava snakes
  A bullfrog zombie (Ossuary)
  3 centaur zombies (Ossuary)
  2 hounds (D:5)
  5 jellies
  A komodo dragon simulacrum (IceCv)
  A gnoll bouda (D:6)
  16 orc priests
  2 sleepcaps (D:6)
  Jessica (D:3)
  A scorpion zombie (Ossuary)
  4 iguanas
  42 orc wizards
  A polar bear simulacrum (D:12)
  Ijyb (D:3)
  2 troll simulacra (D:12)
  A wolf simulacrum (D:12)
  3 ogre zombies (Ossuary)
  Robin (D:3)
  9 adders
  15 gnolls
  2 acid dragon simulacra (IceCv)
  2 white imps (D:6)
  2 ufetubi
  2 steam dragon simulacra (IceCv)
  2 adder zombies (Ossuary)
  2 dart slugs
  82 orcs
  6 ball pythons
  7 endoplasms
  2 giant cockroaches
  3 gnoll zombies (Ossuary)
  23 goblins
  8 hobgoblins
  3 jackals (D:3)
  29 kobolds
  4 quokkas
  5 bats
  5 frilled lizards
  8 goblin zombies (Ossuary)
  3 hobgoblin zombies (Ossuary)
  26 orc zombies
  3 rats
  A spectral hobgoblin (D:3)
  2 butterflies (Lair:4)
682 creatures vanquished.

Vanquished Creatures (others)
  A slime creature (D:12)
1 creature vanquished.

Grand Total: 683 creatures vanquished

Notes
Turn   | Place    | Note
-------+----------+-------------------------------------------
     0 | D:1      | safid the Merfolk Ice Elementalist began the quest for the
                  | Orb.
     0 | D:1      | Reached XP level 1. HP: 13/13 MP: 3/3
   200 | D:1      | Reached XP level 2. HP: 17/20 MP: 1/5
   519 | D:1      | Reached skill level 1 in Fighting
   895 | D:2      | Reached XP level 3. HP: 21/26 MP: 0/6
   964 | D:2      | Learned a level 3 spell: Frozen Ramparts
  1412 | D:2      | Reached skill level 5 in Ice Magic
  1483 | D:2      | Reached XP level 4. HP: 32/33 MP: 8/8
  1537 | D:2      | Learned a level 3 spell: Ozocubu's Armour
  1933 | D:3      | Noticed Robin
  1945 | D:3      | Killed Robin
  2101 | D:3      | Noticed Jessica
  2107 | D:3      | Killed Jessica
  2108 | D:3      | Reached XP level 5. HP: 27/39 MP: 5/9
  2273 | D:3      | Noticed Ijyb
  2278 | D:3      | Killed Ijyb
  2379 | D:3      | Found a faded altar of an unknown god.
  2894 | D:4      | Reached XP level 6. HP: 38/47 MP: 4/11
  3080 | D:4      | Found a sand-covered staircase.
  3091 | Ossuary  | Entered an ossuary
  3096 | Ossuary  | Learned a level 3 spell: Hailstorm
  3165 | Ossuary  | Reached skill level 6 in Ice Magic
  3316 | Ossuary  | Reached XP level 7. HP: 43/54 MP: 8/13
  3664 | Ossuary  | Noticed a silent spectre
  3938 | D:4      | Reached skill level 5 in Fighting
  4211 | D:4      | Noticed a steam dragon
  4218 | D:4      | Killed a steam dragon
  4219 | D:4      | Reached skill level 5 in Spellcasting
  4219 | D:4      | Reached skill level 7 in Ice Magic
  4219 | D:4      | Reached XP level 8. HP: 45/63 MP: 8/15
  4541 | D:5      | Entered Level 5 of the Dungeon
  5487 | D:5      | Reached skill level 8 in Ice Magic
  5621 | D:5      | Reached XP level 9. HP: 71/71 MP: 14/17
  5664 | D:5      | Reached skill level 5 in Dodging
  6072 | D:6      | Found a glowing golden altar of the Shining One.
  7101 | D:7      | Found a staircase to the Ecumenical Temple.
  7110 | Temple   | Entered the Ecumenical Temple
  7579 | D:7      | Reached skill level 9 in Ice Magic
  7672 | D:7      | Noticed Maggie
  7680 | D:7      | Killed Maggie
  7897 | D:7      | Reached XP level 10. HP: 80/80 MP: 14/20
  8085 | D:7      | Learned a level 2 spell: Blink
  8166 | D:8      | Found a flagged portal.
  8178 | Bailey   | Entered a bailey
  8364 | Bailey   | Noticed a gargoyle
  8376 | Bailey   | Killed a gargoyle
  8377 | Bailey   | Reached skill level 1 in Translocations
  8611 | Bailey   | Reached skill level 1 in Conjurations
  8611 | Bailey   | Identified the +6 scale mail of Moral Flaws {rElec Regen+}
  8788 | Bailey   | Identified the +0 scale mail of Vagalek {*Slow rC+ Dex+5}
  9468 | D:8      | Found a radiant altar of Vehumet.
  9472 | D:8      | Became a worshipper of Vehumet
  9482 | D:8      | Found an ornate altar of the Wu Jian Council.
  9951 | D:8      | Found a staircase to the Lair.
  9959 | D:8      | Noticed a cyclops
  9971 | D:8      | Killed a cyclops
 10065 | D:8      | Reached skill level 10 in Ice Magic
 10147 | D:8      | Found a shadowy altar of Dithmenos.
 10148 | D:8      | Noticed a two-headed ogre
 10164 | D:8      | Killed a two-headed ogre
 10165 | D:8      | Reached XP level 11. HP: 42/89 MP: 11/23
 10444 | D:9      | Noticed a brown ugly thing
 10446 | D:9      | Noticed a centaur warrior
 10488 | D:9      | Reached * piety under Vehumet
 10488 | D:9      | Offered knowledge of Sandblast by Vehumet.
 10672 | D:9      | Killed a centaur warrior
 10946 | D:9      | Noticed a wizard
 10957 | D:9      | Killed a wizard
 10957 | D:9      | Noticed a brown ugly thing
 10968 | D:9      | Killed a brown ugly thing
 11019 | D:9      | Killed a brown ugly thing
 11127 | D:9      | Identified the amulet of Pyolor {Regen+ rCorr Int+2}
 11379 | D:9      | Found a staircase to the Orcish Mines.
 11381 | D:9      | Found Kihuss's Armour Shoppe.
 11593 | D:9      | Found a glowing silver altar of Zin.
 12007 | D:10     | Entered Level 10 of the Dungeon
 12092 | D:10     | Found an opulent altar of Gozag.
 12304 | D:10     | Found a hazy altar of Hepliaklqana.
 12850 | Lair:1   | Entered Level 1 of the Lair of Beasts
 12895 | Lair:1   | Found a dark tunnel.
 12904 | Volcano  | Entered a volcano
 12972 | Volcano  | Reached ** piety under Vehumet
 12972 | Volcano  | Offered knowledge of Shock by Vehumet.
 12973 | Volcano  | Reached skill level 10 in Fighting
 12973 | Volcano  | Reached skill level 11 in Ice Magic
 13224 | Volcano  | Noticed a fire crab
 13233 | Volcano  | Killed a fire crab
 13235 | Volcano  | Reached XP level 12. HP: 37/97 MP: 16/25
 13289 | Volcano  | Noticed a hell hog
 13296 | Volcano  | Killed a hell hog
 13327 | Volcano  | Found a burning altar of Makhleb.
 13526 | Lair:1   | Reached skill level 5 in Translocations
 13854 | Lair:1   | Offered knowledge of Scorch by Vehumet.
 14303 | Lair:1   | Got Sif Muna's Lectures on the Doomed Dragon
 15329 | Lair:2   | Identified the ring "Plog" {rN+++ Will+ Int+5 Stlth+}
 15565 | Lair:2   | Reached skill level 12 in Ice Magic
 16272 | Lair:3   | Found a staircase to the Snake Pit.
 16353 | Lair:3   | Reached *** piety under Vehumet
 16354 | Lair:3   | Reached skill level 10 in Spellcasting
 16359 | Lair:3   | Learned a level 4 spell: Olgreb's Toxic Radiance
 16363 | Lair:3   | Learned a level 3 spell: Ignite Poison
 16366 | Lair:3   | Noticed Sonja
 16580 | Lair:3   | Reached skill level 1 in Transmutations
 16583 | Lair:3   | Reached skill level 1 in Poison Magic
 16684 | Lair:3   | Reached skill level 1 in Fire Magic
 16684 | Lair:3   | Reached XP level 13. HP: 101/107 MP: 25/27
 17428 | Lair:4   | Offered knowledge of Stone Arrow by Vehumet.
 17858 | Lair:4   | Identified the +1 leather armour of the Game Afoot {Str+2
                  | Stlth+}
 18596 | Lair:5   | Entered Level 5 of the Lair of Beasts
 18764 | Lair:5   | Reached **** piety under Vehumet
 18765 | Lair:5   | Reached skill level 13 in Ice Magic
 18817 | Lair:5   | Offered knowledge of Mephitic Cloud by Vehumet.
 18886 | Lair:5   | Found a large runed translucent door.
 18969 | Lair:5   | Reached skill level 5 in Transmutations
 19057 | Lair:5   | Found a large runed translucent door.
 19201 | Lair:5   | Noticed a fire dragon
 19336 | Lair:5   | Upgraded the game from 0.30.1-1-g62c8e00024 to
                  | 0.30.1-3-gfc49f6343a
 19611 | Lair:5   | Reached skill level 10 in Dodging
 19792 | Lair:5   | Reached skill level 5 in Poison Magic
 20157 | Lair:5   | Reached XP level 14. HP: 109/115 MP: 23/28
 20575 | Lair:5   | Found a staircase to the Slime Pits.
 21154 | Orc:1    | Entered Level 1 of the Orcish Mines
 21191 | Orc:1    | Noticed an orc warlord
 21209 | Orc:1    | Killed an orc warlord
 21414 | Orc:1    | Reached ***** piety under Vehumet
 21429 | Orc:1    | Offered knowledge of Ozocubu's Refrigeration by Vehumet.
 21548 | D:9      | Learned a level 7 spell: Ozocubu's Refrigeration
 21814 | Orc:2    | Entered Level 2 of the Orcish Mines
 21955 | Orc:2    | Found a staircase to the Elven Halls.
 22263 | Orc:2    | Reached skill level 14 in Ice Magic
 22697 | Orc:2    | Found Rusucwov's Weapon Boutique.
 22697 | Orc:2    | Found Myxo's Magic Scroll Emporium.
 22711 | Orc:2    | Bought a scroll of noise for 17 gold pieces
 22711 | Orc:2    | Bought a scroll of identify for 34 gold pieces
 22711 | Orc:2    | Bought a scroll of summoning for 161 gold pieces
 22951 | Orc:2    | Found Jismume's Antique Armour Boutique.
 22951 | Orc:2    | Found Napogu's General Store.
 22965 | Orc:2    | Bought a scroll of poison for 60 gold pieces
 22965 | Orc:2    | Bought a potion of curing for 45 gold pieces
 23973 | D:11     | Found a portal to a secret trove of treasure.
 24091 | D:12     | Found a frozen archway.
 24291 | IceCv    | Entered an ice cave
 24603 | D:12     | Noticed Josephine
 24615 | D:12     | Killed Josephine
 24896 | D:12     | Offered knowledge of Plasma Beam by Vehumet.
 24969 | D:12     | Noticed a frost giant
 24973 | D:12     | Reached XP level 15. HP: 108/123 MP: 25/29
 24976 | D:12     | HP: 3/123 [frost giant/+1 battleaxe of freezing (31)]
 24976 | D:12     | Mangled by a frost giant

Illustrated notes

Levels and vault maps discovered:
D:1:      psy_arrival_fountain, layout_basic,
          nicolae_concentric_dashed_squares_wild, dk_noncrumbling_3
D:2:      layout_basic, dreamdust_mushroom_princess, supply_closet_lemuel,
          minmay_quantized
D:3:      layout_loops_corners, dreamdust_ecumenical_altar_drowned_temple,
          st_stairs_7, uniq_jessica, uniq_robin, uniq_ijyb
D:4:      layout_rooms, serial_co_window_serial, co_window_cross_1,
          co_window_paths_a, co_window_corner_a, co_window_paths_b,
          co_window_paths_a, co_window_paths_a, co_window_of_opportunity_a,
          co_window_corner_a, co_window_paths_b, co_window_broadway_c,
          co_window_2corner, co_window_cross_2, co_window_2corner,
          co_window_corner_b, glass_columns_b, nicolae_ossuary_entry_monument,
          mrwooster_statue_mirror, nicolae_goblin_pals
D:5:      layout_gridville, kennysheep_generic_room_2
D:6:      layout_loops_ring, tso_metal_star
D:7:      layout_loops_ring, minmay_temple_entry_gardened_gates,
          minmay_misc_feat_secret_circle, reono_crystal_passage, nrook_campfire,
          uniq_maggie
D:8:      layout_loops_ring, nicolae_dithmenos_the_darkroom,
          amethyst_overflow_temple_binary, lair_entry_dummy, enter_bailey_7
D:9:      layout_irregular_city, mainiacjoe_overflow_alcove_4, orc_david_3,
          minmay_diamond_spiral
D:10:     layout_stronghold, nicolae_hepliaklqana_hippocampus,
          nicolae_gozag_seed_capital
D:11:     layout_loops_ring, nicolae_trove_entry_columns
D:12:     minmay_connected_boxes_in_corner, layout_rooms,
          portal_ice_cave_entry_ice_simulacra, uniq_josephine
Temple:   nicolae_temple_no_exploring_needed
Lair:1:   layout_long_grid, nicolae_volcano_entry_two_sided, serial_bayou_lake_a
Lair:2:   layout_regular_city, serial_forest, infiniplex_forest_end_1,
          infiniplex_forest_straight_1, infiniplex_forest_end_2,
          infiniplex_forest_clump_long, columned_hall_lemuel, st_stairs_7,
          cheibrodos_lair_reptile_den
Lair:3:   layout_long_grid, minmay_swamp_entry_worms,
          guppyfry_snake_entry_garden, nicolae_lair_lil_pond, uniq_sonja
Lair:4:   layout_hall_layers, st_stairs_9, evilmike_ambush
          [evilmike_ambush_outer_corners, evilmike_ambush_inner_pond],
          lemuel_fruit_fields
Lair:5:   cheibrodos_lair_end_hotspot, layout_cave_pods,
          nicolae_slime_entry_field_trip
Orc:1:    layout_caves, basic_altar, kennysheep_orc_chapel
Orc:2:    st_orc_town, layout_caves, basic_altar, mines1_david

Skill      XL: |  1  2  3  4  5  6  7  8  9 10 11 12 13 14 |
---------------+-------------------------------------------+-----
Fighting       | 1 2 3 4 5 6 7 9 10 11 12 13 | 13.0
Ice Magic      | 5 6 7 8 9 10 11 12 13 14 | 14.7
Spellcasting   | 3 4 5 7 8 9 10 | 10.0
Dodging        | 4 7 8 10 12 | 12.8
Translocations | 3 4 6 |  6.0
Conjurations   | 3 4 |  4.0
Transmutations | 2 6 |  6.0
Poison Magic   | 1 5 8 |  8.0
Fire Magic     | 1 3 4 |  4.0
Stealth        | |  2.1

Action                     |  1- 3 |  4- 6 |  7- 9 | 10-12 | 13-15 || total
---------------------------+-------+-------+-------+-------+-------++-------
  Melee: Club              |     8 |       |       |       |       ||     8
         Unarmed           |     2 |       |       |       |       ||     2
         Long sword        |    37 |   113 |   144 |   314 |   377 ||   985
         Punch             |       |     1 |     4 |     6 |     7 ||    18
         Tailslap          |       |       |       |     1 |       ||     1
  Throw: Throwing net      |       |       |       |       |     1 ||     1
   Cast: Freeze            |    23 |    12 |    17 |    75 |    82 ||   209
         Frozen Ramparts   |       |    12 |    36 |    68 |    75 ||   191
         Ozocubu's Armour  |       |     3 |    22 |    64 |    67 ||   156
         Hailstorm         |       |       |       |    13 |     7 ||    20
         Olgreb's Toxic Ra |       |       |       |       |    75 ||    75
         Ignite Poison     |       |       |       |       |    29 ||    29
         Ozocubu's Refrige |       |       |       |       |     8 ||     8
    Use: Scroll            |       |       |    10 |     7 |     6 ||    23
         Potion            |       |       |       |     3 |     5 ||     8
   Stab: Sleeping          |     6 |     9 |     2 |     3 |       ||    20
         Distracted        |       |     2 |     2 |     1 |     2 ||     7
 Armour: Robe              |    19 |    25 |    58 |   251 |   266 ||   619
  Dodge: Dodged            |    54 |   117 |   190 |   521 |   667 ||  1549
